 Dungeon Crawl Stone Soup version 0.31-b1-22-gc680215f68 (webtiles) character file.

Game seed: 2933447425411385827

735 BigPumpCobain the Chopper (level 7, -2/91 HPs)
             Began as a Minotaur Berserker on Jan 18, 2024.
             Was a Priest of Trog.
             Succumbed to a gnoll's poison
             ... on level 5 of the Dungeon.
             The game lasted 00:05:40 (3353 turns).

BigPumpCobain the Chopper (Minotaur Berserker)      Turns: 3353, Time: 00:05:40

Health: -2/91      AC: 12    Str: 23    XL:     7   Next: 45%
Magic:  6/6        EV:  9    Int:  4    God:    Trog [***...]
Gold:   90         SH:  0    Dex: 10    Spells: 6/6 levels left

rFire   . . .        h - +0 battleaxe
rCold   . . .        (shield currently unavailable)
rNeg    . . .        p - +0 chain mail
rPois   .            (helmet restricted)
rElec   .            b - +0 cloak
rCorr   .            (no gloves)
SInv    .            d - +0 pair of boots
Will    ++...        (no amulet) Stlth
                     g - +4 ring of slaying
HPRegen 1.35/turn    (no ring)
MPRegen 0.10/turn

%: no passive effects
@: berserking, lethally poisoned (-2 -> -13), strong-willed, regenerating, very
quick
A: horns 2, retaliatory headbutt
a: Renounce Religion, Berserk, Trog's Hand


You were on level 5 of the Dungeon.
You worshipped Trog.
Trog was most pleased with you.
You visited 1 branch of the dungeon, and saw 5 of its levels.

You collected 200 gold pieces.
You spent 110 gold pieces at shops.

Inventory:

Hand Weapons
 h - a +0 battleaxe (weapon)
Missiles
 k - 11 boomerangs (quivered)
Armour
 b - a +0 cloak (worn)
 d - a +0 pair of boots (worn)
 p - a +0 chain mail (worn)
Jewellery
 g - a +4 ring of slaying (left hand)
Scrolls
 a - 3 scrolls of enchant armour {unknown}
 l - a scroll of acquirement {unknown}
 m - 3 scrolls of identify {unknown}
Potions
 c - 4 potions of heal wounds {unknown}
 e - a potion of enlightenment {unknown}
 f - a potion of degeneration {unknown}
 i - a potion of might {unknown}
 j - 2 potions of cancellation {unknown}
 n - a potion of berserk rage {unknown}
 o - 3 potions of curing {unknown}


   Skills:
 + Level 5.5 Fighting
 * Level 6.9 Axes
 + Level 2.5 Throwing
 + Level 4.7 Armour
 + Level 4.3 Dodging


You had 6 spell levels left.
You didn't know any spells.
Your spell library was empty.

Dungeon Overview and Level Annotations

Branches:
Dungeon (5/15)
 Temple: D:4-7

Altars:
Kikubaaqudgha
Makhleb
Trog
Xom

Shops:
D:4 (


Innate Abilities, Weirdness & Mutations

You have a pair of horns on your head.
You reflexively headbutt those who attack you in melee.


Message History

You are too injured to fight recklessly!
You are too injured to fight recklessly!
You are too injured to fight recklessly!
You are too injured to fight recklessly!
You are too injured to fight recklessly!
You are too injured to fight recklessly!
You are too injured to fight recklessly!
You are too injured to fight recklessly!
You are too injured to fight recklessly!
You are too injured to fight recklessly!
You are too injured to fight recklessly!
You are too injured to fight recklessly!
You are too injured to fight recklessly!
You are too injured to fight recklessly!
Your skin crawls.
You feel strong-willed.
* * * LOW HITPOINT WARNING * * *
You feel extremely sick.
The gnoll sergeant hits you but does no damage.
The gnoll hits you but does no damage.
You are more poisoned.
The gnoll hits you but does no damage. The gnoll hits you with a +0 flail.
* * * LOW HITPOINT WARNING * * *
A red film seems to cover your vision as you go berserk!
You feel yourself moving faster!
You feel mighty!
* * * LOW HITPOINT WARNING * * *
You feel extremely sick. The gnoll hits you but does no damage.
The gnoll closely misses you. The gnoll barely misses you.
The gnoll sergeant hits you from afar with a +0 spear.
* * * LOW HITPOINT WARNING * * *
You slice the gnoll!!
You kill the gnoll!
Trog accepts your kill.
* * * LOW HITPOINT WARNING * * *
You feel very sick. The gnoll sergeant closely misses you.
The gnoll hits you but does no damage. The gnoll barely misses you.
Found a stone staircase leading down.
You die...

############
#..........###
#....$........
#.............
#.(....g.....>
###....)@g...##
#...[$..)g......
...#...######....
#..## ... #..# .
##.# #.#
######### #.#
#.......# #.#


You could see a gnoll sergeant and 2 gnolls.

Vanquished Creatures
  A phantom (D:4)
  3 scorpions (D:4)
  A bombardier beetle (D:4)
  A gnoll bouda (D:4)
  2 hounds
  An iguana (D:4)
  4 orc wizards
  10 gnolls
  6 adders
  2 ribbon worms
  13 orcs
  3 bats
  2 endoplasms (D:1)
  3 giant cockroaches
  11 goblins
  5 hobgoblins
  2 quokkas
  6 ball pythons
  3 frilled lizards (D:2)
  6 kobolds
  6 rats
91 creatures vanquished.

Notes
Turn   | Place    | Note
-------+----------+-------------------------------------------
     0 | D:1      | BigPumpCobain the Minotaur Berserker began the quest for
                  | the Orb.
     0 | D:1      | Reached XP level 1. HP: 19/19 MP: 0/0
    68 | D:1      | Reached XP level 2. HP: 16/27 MP: 1/1
    71 | D:1      | Reached skill level 4 in Axes
   553 | D:2      | Reached ** piety under Trog
   583 | D:2      | Reached XP level 3. HP: 32/33 MP: 2/2
  1305 | D:3      | Found a shimmering altar of Xom.
  1336 | D:3      | Reached XP level 4. HP: 32/40 MP: 3/3
  1465 | D:3      | Reached skill level 5 in Axes
  1607 | D:3      | Found a burning altar of Makhleb.
  1674 | D:3      | Reached XP level 5. HP: 45/47 MP: 4/4
  2108 | D:4      | Found Fiuf's Firing Range.
  2115 | D:4      | Bought 5 boomerangs for 110 gold pieces
  2223 | D:4      | Reached skill level 1 in Throwing
  2223 | D:4      | Reached XP level 6. HP: 43/53 MP: 5/5
  2529 | D:4      | Reached *** piety under Trog
  2530 | D:4      | Reached skill level 6 in Axes
  2596 | D:4      | Found a bloodstained altar of Trog.
  2606 | D:4      | Reached skill level 5 in Fighting
  2787 | D:4      | Reached XP level 7. HP: 55/61 MP: 6/6
  2874 | D:4      | Found an ancient bone altar of Kikubaaqudgha.
  3300 | D:5      | Entered Level 5 of the Dungeon
  3352 | D:5      | HP: 1/91 [poisoned by a gnoll]
  3353 | D:5      | Succumbed to a gnoll's poison

Illustrated notes

Levels and vault maps discovered:
D:1:      psy_arrival_radial01, layout_basic
D:2:      layout_loops_ring, serial_forest, infiniplex_forest_lined_room_,
          infiniplex_forest_pool, infiniplex_forest_lined_ring,
          infiniplex_forest_end_2, infiniplex_forest_lined_4_way
D:3:      layout_loops_cross, xom_teletrap_fun, bloody_makhleb,
          kennysheep_path_1
D:4:      layout_basic, lemuel_doored_altar, mainiacjoe_overflow_catwalk,
          corexii_checkpoint, kennysheep_cross_bottleneck,
          nicolae_shop_firing_range
D:5:      layout_rooms, jmf_multi_god_temple2, nicolae_yredelemnul_corpse_copse,
          mainiacjoe_overflow_alcove_1, serial_park_tiny_1,
          serial_library_regret_index_double_sided

Skill      XL: |  1  2  3  4  5  6 |
---------------+-------------------+-----
Axes           | 4 5 6 |  6.9
Fighting       | 4 5 |  5.5
Armour         | 3 4 |  4.7
Dodging        | 3 4 |  4.3
Throwing       | 1 2 |  2.5

Action                     |  1- 3 |  4- 6 |  7- 9 || total
---------------------------+-------+-------+-------++-------
  Melee: Hand axe          |    25 |       |       ||    25
         Headbutt          |    13 |     9 |     3 ||    25
         Battleaxe         |    66 |    90 |    22 ||   178
         Punch             |     1 |       |       ||     1
  Throw: Boomerang         |       |     1 |       ||     1
 Invoke: Berserk           |     1 |     1 |     1 ||     3
         Trog's Hand       |       |       |     1 ||     1
    Use: Scroll            |     1 |       |       ||     1
 Armour: Animal skin       |    15 |       |       ||    15
         Leather armour    |    16 |    13 |       ||    29
         Scale mail        |       |    27 |       ||    27
         Chain mail        |       |    44 |    35 ||    79
  Dodge: Dodged            |    23 |    47 |    18 ||    88
